 Dungeon Crawl Stone Soup version 0.22-a0-142-g91cc6d7 (webtiles) character file.

4538 dududu the Grappler (level 10, -33/90 HPs)
             Began as a Ghoul Monk on Feb 5, 2018.
             Was an Elder of Wu Jian.
             Annihilated by an orc warlord
             ... wielding a +1 great mace
              (35 damage)
             ... in a bailey.
             The game lasted 00:33:40 (6689 turns).

dududu the Grappler (Ghoul Monk)                    Turns: 6689, Time: 00:33:41

Health: -33/90     AC: 14    Str: 19    XL:     10   Next: 40%
Magic:  12/12      EV:  6    Int:  5    God:    Wu Jian [****..]
Gold:   339        SH:  0    Dex: 11    Spells: 9/9 levels left

rFire    . . .     SeeInvis .     - Unarmed
rCold    + . .     Gourm    .   (no shield)
rNeg     + + +     Faith    .   p - +0 plate armour
rPois    ∞         Spirit   .   f - +0 helmet
rElec    .         Reflect  .   (no cloak)
rCorr    .         Harm     .   (no gloves)
MR       .....                  n - +0 pair of boots
Stlth    ..........             A - amulet of magic regeneration
HPRegen  0.00/turn              (no ring)
MPRegen  0.38/turn              (no ring)

@: exhausted, rotting, glowing, heavenly storm
A: rotting body, claws 1, carnivore, cold resistance 1, negative energy
resistance 3, inhibited regeneration, torment resistance, unbreathing
a: Wall Jump, Serpent's Lash, Renounce Religion


You were in a bailey.
You worshipped Wu Jian.
Wu Jian was greatly pleased with you.
You were not hungry.

You visited 1 branch of the dungeon, and saw 9 of its levels.
You also visited: Bailey.

You collected 420 gold pieces.
You spent 81 gold pieces at shops.

Inventory:

Hand Weapons
 b - a +3 hunting sling
Missiles
 d - 162 stones
 e - 27 sling bullets
 l - 3 javelins (quivered)
 t - 2 tomahawks
 u - 3 needles of frenzy
Armour
 f - a +0 helmet (worn)
 n - a +0 pair of boots (worn)
 p - a +0 plate armour (worn)
Jewellery
 k - an uncursed amulet of faith
 A - an amulet of magic regeneration (around neck)
Wands
 m - a wand of paralysis (14)
 x - a wand of flame (52)
 z - a wand of acid (1)
 B - a wand of scattershot (9)
 D - a wand of iceblast (11)
Scrolls
 j - 3 scrolls of remove curse
 o - 2 scrolls of teleportation
 r - 3 scrolls of noise {unknown}
 v - a scroll of holy word {unknown}
 y - a scroll of blinking {unknown}
 F - a scroll of immolation {unknown}
 I - a scroll of fear {unknown}
 J - a scroll of summoning {unknown}
Potions
 a - 2 potions of might
 c - 2 potions of brilliance
 g - 2 potions of flight
 h - 3 potions of heal wounds
 q - 6 potions of curing
 s - 2 potions of resistance
 w - 5 potions of agility
 E - 3 potions of haste
Comestibles
 i - 15 rations
 G - 25 chunks of flesh


   Skills:
 + Level 8.7 Fighting
 + Level 4.8 Armour
 - Level 2.6 Dodging
 - Level 2.1 Stealth
 * Level 11.5 Unarmed Combat
 - Level 5.2 Evocations


You had 9 spell levels left.
You didn't know any spells.

Dungeon Overview and Level Annotations

Branches:
Dungeon (9/15)
 Temple: D:4-7         Lair: D:8-11         Orc: D:9-12

Altars:
Ashenzari
Cheibriados
Fedhas
Kikubaaqudgha
Qazlal
Ru
Sif Muna
Trog
Vehumet
Wu Jian
Xom
Zin
The Shining One

Shops:
D:4 *   D:8 (

Annotations:
D:5 Azzok's ghost, novice GrFi


Innate Abilities, Weirdness & Mutations

Your body is rotting away.
You thrive on raw meat.
You are immune to poison.
You have sharp fingernails.
You are carnivorous and can eat meat at any time.
Your flesh is cold resistant. (rC+)
You are immune to negative energy. (rN+++)
You do not regenerate when monsters are visible.
You are immune to unholy pain and torment.
You can survive without breathing.


Message History

You kill the orc warrior!
The Council accepts your kill.
Some of the chunks of flesh in your inventory have rotted away.
You spin and attack the orc knight.
You barely miss the orc knight.
The orc knight is moderately wounded.
You spin and attack the hobgoblin repeatedly.
You completely miss the hobgoblin. You mangle the hobgoblin!!
You kill the hobgoblin!
The Council accepts your kill.
The orc knight hits you with a war axe!!
* * * LOW HITPOINT WARNING * * *
You feel much better.
You hear a shout!
The orc warlord roars a battlecry!
The orc goes into a battle-frenzy!
The orc knight hits you with a war axe!!
* * * LOW HITPOINT WARNING * * *
Unknown command.
The orc warlord hits you with an enchanted great mace!!
You die...

##.........## ##....
#.........# #....
##.......## ##...
#.......# #... ##.)...##
##.. ##)#### ###
##.§§§§## ##.. #..§§§§§#
#... ##..§§@o§##
.o.o.##... #...§ooo§§#
....o.#....
##...§§§§§§###..o###....
#....§§§§§§§###o###.....
##...§§§§§§##88g88##....
#...§§§§§§#.o.....#..).
##..§§§§g##.......##)..
#......)).)o......')..
##.....##........)##..


You could see an orc warlord, an orc knight, an orc warrior and an orc.

Vanquished Creatures
  An ugly thing (D:8)
  A hippogriff (D:8)
  Menkaure (D:6)
  Edmund (D:4)
  13 orc warriors
  A necrophage (D:5)
  A sky beast (D:7)
  An ogre (D:7)
  3 phantoms
  Blork the orc (D:4)
  4 bullfrogs
  A scorpion (D:5)
  4 killer bees
  3 wights (D:7)
  A howler monkey (D:6)
  5 crimson imps
  3 bullfrog zombies
  A jelly (D:5)
  A centaur zombie (D:5)
  2 hounds (D:8)
  4 orc priests
  An iguana (D:5)
  7 orc wizards
  6 worker ants
  A hound skeleton (D:7)
  A howler monkey zombie (D:6)
  12 gnolls
  6 adders
  2 shadow imps
  3 oozes
  An adder skeleton (D:7)
  A dart slug (D:3)
  3 worms
  9 leopard geckos
  37 orcs
  2 ball pythons
  7 bats
  4 giant cockroaches
  36 goblins
  20 hobgoblins
  6 jackals (D:3)
  6 kobolds
  5 quokkas
  8 frilled lizards
  A leopard gecko skeleton (D:8)
  9 rats
  A plant (D:3)
248 creatures vanquished.

Vanquished Creatures (others)
  A howler monkey (D:4)
  A hound (D:4)
  A worker ant (D:4)
  2 adders (D:4)
  A jackal (D:4)
  A quokka (D:4)
7 creatures vanquished.

Grand Total: 255 creatures vanquished

Notes
Turn   | Place    | Note
-------+----------+-------------------------------------------
     0 | D:1      | dududu the Ghoul Monk began the quest for the Orb.
     0 | D:1      | Reached XP level 1. HP: 19/19 MP: 0/0
    80 | D:1      | Reached XP level 2. HP: 17/26 MP: 1/1
   159 | D:1      | Reached skill level 4 in Unarmed Combat
   187 | D:1      | Reached XP level 3. HP: 21/33 MP: 2/2
   565 | D:2      | Reached XP level 4. HP: 40/40 MP: 3/3
  1218 | D:3      | Found a blossoming altar of Fedhas.
  1220 | D:3      | Found a sacrificial altar of Ru.
  1221 | D:3      | Found a bloodstained altar of Trog.
  1222 | D:3      | Found a snail-covered altar of Cheibriados.
  1222 | D:3      | Found an ornate altar of the Wu Jian Council.
  1223 | D:3      | Found a stormy altar of Qazlal.
  1223 | D:3      | Found a glowing golden altar of the Shining One.
  1242 | D:3      | Became a worshipper of the Wu Jian Council
  1242 | D:3      | Reached * piety under Wu Jian
  1242 | D:3      | Reached ** piety under Wu Jian
  1308 | D:3      | Reached skill level 5 in Unarmed Combat
  1449 | D:3      | Reached XP level 5. HP: 44/47 MP: 4/4
  1622 | D:3      | Reached skill level 1 in Evocations
  1701 | D:3      | Found an ancient bone altar of Kikubaaqudgha.
  1702 | D:3      | Found a deep blue altar of Sif Muna.
  1704 | D:3      | Found a radiant altar of Vehumet.
  1708 | D:3      | Identified Vehumet's Almanac of Conjuration
  2054 | D:4      | Noticed a phantom
  2120 | D:4      | Killed a phantom
  2120 | D:4      | Reached XP level 6. HP: 44/53 MP: 6/6
  2190 | D:4      | Found a shattered altar of Ashenzari.
  2329 | D:4      | Found a shimmering altar of Xom.
  2346 | D:4      | Noticed a phantom
  2372 | D:4      | Killed a phantom
  2372 | D:4      | Reached skill level 6 in Unarmed Combat
  2413 | D:4      | Reached skill level 5 in Fighting
  2477 | D:4      | Noticed Blork the orc
  2509 | D:4      | Killed Blork the orc
  2509 | D:4      | Reached XP level 7. HP: 31/61 MP: 8/8
  2572 | D:4      | Found Deotuedo's Assorted Antiques.
  2572 | D:4      | Noticed Edmund
  2599 | D:4      | Killed Edmund
  2613 | D:4      | Bought a glowing red potion for 25 gold pieces
  2613 | D:4      | Bought a scroll labeled HABRAU KIBUTYN for 28 gold pieces
  2613 | D:4      | Bought a scroll labeled HUTAYT MEOWO for 28 gold pieces
  2713 | D:4      | Found a glowing silver altar of Zin.
  2713 | D:4      | Noticed an angel
  2819 | D:4      | Reached *** piety under Wu Jian
  3128 | D:5      | Entered Level 5 of the Dungeon
  3205 | D:5      | Reached skill level 7 in Unarmed Combat
  3293 | D:5      | Reached XP level 8. HP: 50/70 MP: 10/10
  3463 | D:5      | Noticed Azzok's ghost (novice GrFi)
  3867 | D:6      | Noticed Menkaure
  3873 | D:6      | Killed Menkaure
  3873 | D:6      | Reached skill level 8 in Unarmed Combat
  3873 | D:6      | Reached skill level 5 in Evocations
  4711 | D:6      | Reached skill level 1 in Armour
  4797 | D:7      | Reached **** piety under Wu Jian
  4901 | D:7      | Reached XP level 9. HP: 77/77 MP: 11/11
  4951 | D:7      | Reached skill level 9 in Unarmed Combat
  5517 | D:8      | Reached skill level 10 in Unarmed Combat
  5559 | D:8      | Found Fudezioj's Antique Weapon Shop.
  5811 | D:8      | Noticed a brown ugly thing
  5816 | D:8      | Killed a brown ugly thing
  6255 | D:9      | Found a flagged portal.
  6268 | Bailey   | Entered a bailey
  6306 | Bailey   | Reached XP level 10. HP: 88/88 MP: 12/12
  6319 | Bailey   | Reached ***** piety under Wu Jian
  6381 | Bailey   | Reached skill level 11 in Unarmed Combat
  6663 | Bailey   | Noticed an orc warlord
  6664 | Bailey   | Noticed an orc knight
  6688 | Bailey   | HP: 2/90 [orc knight/war axe (27)]
  6689 | Bailey   | Annihilated by an orc warlord

Vault maps used:
D:1:      lemuel_arrival_lava_pool
D:2:      serial_bayou_ford_a
D:3:      grunt_temple_overflow_magic_moments, grunt_temple_overflow_open,
          first_ration, serial_forest, infiniplex_forest_fountain,
          infiniplex_forest_end_2, infiniplex_forest_clump_small,
          infiniplex_forest_straight_2, infiniplex_forest_fountain,
          infiniplex_forest_straight_2, infiniplex_forest_clump_small,
          kennysheep_generic_room_5
D:4:      cheibrodos_ashenzari_chains, zin_angel, serial_shops,
          nicolae_shop_stone, xom_confusion_cloud, uniq_edmund,
          uniq_blork_the_orc
D:5:      lemuel_temple_firewalk_b, nemelex_diamond_rough_becter, uniq_eustachio
D:6:      uniq_menkaure
D:8:      serial_shops, nicolae_shop_stone
D:9:      old_standard_altar, lair_entry_dummy, zombieorc2_lemuel,
          enter_bailey_3
Bailey:   bailey_axe_minmay_hex_keep, bailey

Skill      XL: |  1  2  3  4  5  6  7  8  9 10 |
---------------+-------------------------------+-----
Unarmed Combat | 4 5 6 7 8 10 11 | 11.5
Fighting       | 4 5 6 8 |  8.7
Evocations     | 2 3 4 5 |  5.2
Armour         | 1 4 |  4.8
Dodging        | |  2.6
Stealth        | |  2.1

Action                   |  1- 3 |  4- 6 |  7- 9 | 10-12 || total
-------------------------+-------+-------+-------+-------++-------
Melee: Unarmed           |   115 |   195 |   370 |   165 ||   845
       Punch             |       |     5 |     7 |     5 ||    17
 Fire: Hunting sling     |       |    17 |    80 |       ||    97
Throw: Stone             |       |    19 |       |       ||    19
       Javelin           |       |     8 |    13 |     4 ||    25
Invok: Lunge             |       |    21 |    39 |    15 ||    75
       Whirlwind         |       |     3 |    48 |    32 ||    83
       Wall Jump         |       |     1 |     5 |     2 ||     8
       Serpent's Lash    |       |       |       |     1 ||     1
       Heavenly Storm    |       |       |       |     1 ||     1
Evoke: Wand              |       |       |     1 |     3 ||     4
  Use: Scroll            |     3 |     4 |    13 |     1 ||    21
       Potion            |       |       |       |     1 ||     1
 Stab: Distracted        |       |       |       |     1 ||     1
  Eat: Chunk             |     8 |    11 |    14 |    16 ||    49
Armor: Chain mail        |    38 |    77 |    87 |       ||   202
       Plate armour      |       |       |    64 |    35 ||    99
Dodge: Dodged            |    30 |    40 |    71 |    20 ||   161

Table legend:
 A = Spawn XP
 B = Non-spawn XP
 C = Spawn XP percentage of total XP
 D = Spawn monster count
 E = Non-spawn monster count
 F = Spawn count percentage of total count
 G = Total turns spent on level
                    A         B        C        D         E        F      G
               +---------+---------+-------+---------+---------+-------+---------
         Total |       0 |    6484 |   0.0 |       0 |     247 |   0.0 |  6689
               +---------+---------+-------+---------+---------+-------+---------
           D:1 |       0 |      78 |   0.0 |       0 |      30 |   0.0 |   546
           D:2 |       0 |      34 |   0.0 |       0 |      17 |   0.0 |   619
           D:3 |       0 |      81 |   0.0 |       0 |      30 |   0.0 |   884
           D:4 |       0 |     746 |   0.0 |       0 |      24 |   0.0 |  1079
           D:5 |       0 |     331 |   0.0 |       0 |      10 |   0.0 |   378
           D:6 |       0 |     908 |   0.0 |       0 |      25 |   0.0 |  1338
           D:7 |       0 |    1245 |   0.0 |       0 |      32 |   0.0 |   663
           D:8 |       0 |    1118 |   0.0 |       0 |      12 |   0.0 |   717
           D:9 |       0 |      97 |   0.0 |       0 |       5 |   0.0 |    44
        Bailey |       0 |    1846 |   0.0 |       0 |      62 |   0.0 |   421
               +---------+---------+-------+---------+---------+-------+---------
